Map: Emerald City LE

Players

Silver - Winner!

  • Race: Protoss Protoss
  • Spawn Location: 11:00

HarDDD - Winner!

  • Race: Zerg Zerg
  • Spawn Location: 11:00

qqq

  • Race: Zerg Zerg
  • Spawn Location: 5:00

Massa

  • Race: Terran Terran
  • League: Platinum
  • Spawn Location: 5:00

VOD

Have the link to the VOD?

Description

Time

  • Played on: Jan. 30, 2021, 12:40 p.m.
  • Length: 13:13
Show
View Real Time Build Order
Export as new Build Order

Silver Protoss - Winner!

Build Orders: Carriers 

Get SALT Encoding   

  12  0:00  Probe  
  13  0:12  Probe  
  14  0:17  Pylon  
  14  0:24  Probe (Chrono Boost)  
  15  0:36  Probe (Chrono Boost)  
  15  0:37  Gateway  
  16  0:45  Probe (Chrono Boost)  
  16  0:47  Assimilator  
  17  0:51  Probe  
  17  0:56  Assimilator  
  18  1:03  Probe (Chrono Boost)  
  19  1:13  Probe (Chrono Boost)  
  19  1:18  Probe (Chrono Boost)  
  20  1:24  Cybernetics Core  
  21  1:28  Pylon  
  21  1:29  Probe  
  22  1:41  Probe  
  24  2:00  Adept  
  25  2:03  Nexus  
  25  2:05  Warp Gate  
  25  2:14  Probe  
  26  2:21  Stargate  
  26  2:26  Probe  
  27  2:30  Pylon  
  27  2:38  Probe  
  28  2:45  Sentry  
  28  2:51  Probe  
  31  2:52  Shield Battery  
  31  3:03  Probe  
  31  3:04  Void Ray (Chrono Boost)  
  32  3:17  Probe (Chrono Boost)  
  38  3:22  Probe (Chrono Boost)  
  38  3:26  Probe (Chrono Boost), Stargate  
  39  3:30  Probe (Chrono Boost)  
  39  3:31  Probe (Chrono Boost)  
  41  3:37  Void Ray  
  41  3:41  Probe  
  42  3:43  Probe  
  47  3:53  Probe  
  49  3:55  Probe  
  49  4:01  Assimilator  
  49  4:03  Assimilator  
  49  4:05  Probe  
  49  4:07  Probe  
  51  4:17  Probe  
  51  4:19  Probe  
  53  4:29  Probe  
  54  4:31  Pylon  
  54  4:32  Pylon  
  54  4:43  Void Ray  
  54  4:49  Probe x2  
  60  5:01  Probe  
  61  5:08  Probe  
  61  5:14  Probe  
  63  5:18  Void Ray  
  63  5:27  Forge  
  67  5:29  Probe  
  67  5:30  Robotics Facility  
  67  5:35  Pylon  
  68  5:40  Probe  
  68  5:41  Probe  
  70  5:47  Void Ray  
  70  5:52  Nexus  
  70  5:54  Probe  
  75  6:01  Robotics Facility  
  75  6:08  Probe x2  
  77  6:16  Protoss Air Weapons Level 1 (Chrono Boost)  
  77  6:25  Probe  
  78  6:29  Pylon  
  78  6:32  Pylon  
  78  6:41  Void Ray  
  78  6:44  Pylon, Void Ray  
  78  6:45  Protoss Shields Level 1  
  78  6:47  Probe x2  
  78  6:48  Observer, Pylon  
  78  6:51  Pylon  
  78  6:53  Immortal  
  93  6:58  Cybernetics Core  
  93  6:59  Probe  
  93  7:01  Gateway  
  94  7:02  Probe  
  94  7:03  Gateway  
  94  7:04  Probe  
  94  7:07  Twilight Council  
  96  7:08  Photon Cannon  
  96  7:10  Photon Cannon  
  96  7:12  Probe  
  96  7:14  Probe, Photon Cannon  
  96  7:15  Photon Cannon, Assimilator  
  98  7:16  Probe  
  98  7:17  Photon Cannon, Assimilator  
  98  7:18  Shield Battery  
  99  7:24  Probe  
  99  7:26  Probe  
  101  7:33  Fleet Beacon, Robotics Bay  
  101  7:34  Probe  
  101  7:36  Probe  
  103  7:58  Probe x3, Immortal (Chrono Boost)  
  104  7:59  Immortal (Chrono Boost)  
  104  8:01  Nexus  
  114  8:06  Pylon  
  114  8:10  Pylon  
  114  8:17  Protoss Air Armor Level 1 (Chrono Boost)  
  114  8:24  Probe  
  115  8:29  Colossus x2 (Chrono Boost), Photon Cannon  
  115  8:31  Photon Cannon  
  115  8:33  Photon Cannon  
  127  8:35  Shield Battery  
  127  8:37  Shield Battery  
  127  8:40  Pylon  
  127  8:42  Probe x2  
  127  8:45  Extended Thermal Lance  
  129  8:52  Photon Cannon  
  129  8:54  Photon Cannon, Shield Battery  
  129  8:56  Photon Cannon  
  129  9:00  Assimilator  
  129  9:05  Assimilator  
  129  9:13  Disruptor  
  129  9:14  Photon Cannon, Disruptor  
  135  9:30  Carrier x2 (Chrono Boost), Protoss Shields Level 2  
  147  9:45  Photon Cannon  
  147  9:46  Pylon  
  147  9:47  Photon Cannon  
  147  9:48  Shield Battery  
  147  9:50  Protoss Air Weapons Level 2 (Chrono Boost)  
  147  9:57  Disruptor x2  
  153  10:07  Stargate  
  153  10:25  Protoss Air Armor Level 2 (Chrono Boost)  
  153  10:31  Carrier (Chrono Boost)  
  159  10:40  Carrier (Chrono Boost)  
  162  11:28  Oracle  
  165  11:39  Carrier  
  161  11:51  Colossus x2 (Chrono Boost)  
  159  11:56  Carrier  
  177  12:12  Nexus  
  177  12:13  Pylon  
  177  12:14  Pylon  
  177  12:20  Zealot  
Show
View Real Time Build Order
Export as new Build Order

HarDDD Zerg - Winner!

Build Orders: Hatch First, Lurkers 

Get SALT Encoding   

  12  0:00  Drone  
  13  0:13  Overlord  
  13  0:16  Drone  
  13  0:20  Extractor  
  14  0:31  Drone x2  
  16  0:52  Hatchery  
  16  0:55  Drone  
  16  0:57  Extractor  
  16  1:01  Drone  
  16  1:15  Spawning Pool  
  16  1:17  Drone  
  16  1:22  Drone  
  17  1:26  Drone  
  18  1:54  Drone  
  18  2:00  Hatchery  
  18  2:02  Queen  
  18  2:06  Drone  
  21  2:14  Overlord  
  21  2:17  Zergling x2  
  22  2:24  Zergling x4  
  24  2:36  Metabolic Boost  
  24  2:38  Zergling x4  
  26  2:52  Overlord  
  26  2:57  Queen  
  28  3:07  Lair  
  28  3:10  Extractor  
  27  3:14  Drone x2  
  27  3:18  Drone  
  30  3:22  Drone x2  
  30  3:26  Drone  
  34  3:34  Drone x2  
  35  3:41  Queen  
  35  3:45  Drone  
  36  3:55  Drone x2  
  36  3:57  Drone x2  
  36  3:58  Drone  
  36  4:02  Zergling x4  
  41  4:05  Zergling x2  
  41  4:06  Zergling x2  
  42  4:14  Zergling x6  
  42  4:15  Zergling x2  
  46  4:25  Zergling x6  
  49  4:33  Drone, Roach Warren  
  49  4:44  Zergling x8  
  49  4:48  Overlord  
  49  4:49  Overlord x2  
  49  4:59  Overlord  
  49  5:00  Overlord x2  
  49  5:07  Evolution Chamber  
  49  5:08  Drone x2  
  50  5:14  Drone x2  
  50  5:20  Roach  
  50  5:21  Roach x2  
  57  5:23  Drone  
  57  5:26  Glial Reconstitution  
  58  5:30  Drone  
  58  5:34  Drone x3  
  62  5:37  Drone  
  62  5:44  Roach x3  
  59  5:50  Zerg Ground Armor Level 1  
  59  5:53  Roach  
  59  5:56  Roach  
  63  5:57  Roach  
  65  6:06  Roach x2  
  65  6:07  Drone x2, Roach  
  65  6:08  Drone  
  75  6:11  Drone  
  75  6:13  Drone x2  
  75  6:16  Drone x2  
  75  6:18  Drone  
  80  6:21  Drone x2  
  80  6:22  Drone  
  80  6:24  Roach  
  85  6:26  Roach  
  85  6:30  Roach  
  85  6:31  Roach  
  91  6:36  Extractor  
  90  6:45  Roach x4  
  98  6:48  Extractor  
  98  6:51  Extractor, Spore Crawler  
  95  6:55  Evolution Chamber  
  95  6:56  Roach x2  
  95  6:57  Hydralisk Den  
  95  6:58  Overlord x2  
  97  7:08  Overlord x2  
  97  7:10  Overlord x2  
  97  7:15  Drone  
  98  7:27  Roach x2  
  98  7:28  Roach  
  102  7:35  Roach  
  102  7:36  Roach x7  
  102  7:37  Roach x2  
  114  7:50  Zerg Missile Weapons Level 1  
  114  7:51  Grooved Spines  
  114  7:54  Hatchery  
  113  8:03  Lurker Den  
  113  8:04  Roach x4  
  120  8:07  Drone x2  
  120  8:08  Drone  
  121  8:22  Roach x6  
  125  8:28  Zerg Melee Weapons Level 1  
  125  8:29  Evolution Chamber  
  125  8:30  Drone x2  
  125  8:32  Drone  
  127  8:36  Drone x2  
  127  8:37  Drone  
  127  8:39  Drone  
  127  8:40  Drone  
  132  8:41  Drone  
  132  8:44  Hydralisk  
  132  8:47  Hydralisk  
  137  8:54  Overlord x2  
  137  8:57  Overlord  
  137  9:13  Lurker  
  137  9:14  Overlord x2  
  138  9:24  Hydralisk x2  
  138  9:26  Hydralisk x2  
  138  9:28  Lurker  
  138  9:30  Hydralisk x3  
  153  9:33  Drone, Queen  
  156  9:46  Extractor, Hatchery  
  156  9:48  Drone x2  
  156  9:49  Drone  
  156  9:50  Drone  
  158  9:58  Hydralisk x3  
  158  9:59  Lurker x2  
  166  10:02  Drone x7  
  166  10:05  Extractor  
  172  10:07  Extractor  
  172  10:09  Queen  
  172  10:11  Lurker x2  
  175  10:14  Overseer  
  175  10:15  Drone  
  176  10:27  Zerg Missile Weapons Level 2  
  176  10:31  Hatchery  
  175  10:40  Lurker  
  176  10:47  Spire  
  175  11:01  Roach  
  175  11:02  Roach  
  174  11:09  Zergling x4  
  174  11:10  Zergling x12, Overseer  
  182  11:11  Overlord x2  
  182  11:12  Overlord x2  
  178  11:24  Hydralisk x2  
  182  11:29  Overseer  
  174  11:37  Hydralisk  
  174  11:38  Hydralisk  
  174  11:45  Zergling x2  
  174  11:46  Zergling x4  
  177  11:49  Zergling x4  
  179  12:00  Infestation Pit  
  174  12:01  Mutalisk  
  174  12:02  Mutalisk x6  
  186  12:10  Lurker  
  169  12:17  Zergling x4  
  166  12:35  Hydralisk  
  166  12:36  Hydralisk x2  
  144  12:37  Hydralisk  
  144  12:38  Hydralisk x4  
  144  12:41  Hydralisk x3  
  160  12:45  Drone  
  160  12:49  Hydralisk x3  
Show
View Real Time Build Order
Export as new Build Order

qqq Zerg 

Build Orders: Hatch First, Lurkers 

Get SALT Encoding   

  12  0:45  Drone x2  
  12  0:46  Overlord  
  14  0:54  Hatchery  
  13  0:57  Drone  
  14  1:07  Drone  
  15  1:21  Extractor  
  15  1:23  Drone  
  15  1:24  Spawning Pool  
  14  1:32  Drone  
  15  1:40  Drone  
  16  1:50  Drone  
  17  2:02  Drone  
  17  2:06  Drone  
  19  2:13  Queen  
  19  2:14  Queen  
  23  2:16  Drone  
  23  2:17  Drone  
  25  2:23  Metabolic Boost  
  25  2:26  Overlord  
  25  2:29  Drone  
  26  2:33  Zergling x2  
  27  2:43  Drone  
  28  2:45  Overlord  
  28  2:50  Drone  
  29  2:55  Zergling x2  
  30  2:59  Evolution Chamber  
  30  3:01  Drone  
  30  3:06  Zergling x2  
  30  3:11  Lair  
  31  3:16  Drone  
  31  3:17  Zergling x2  
  33  3:24  Drone, Zergling x2  
  33  3:25  Zergling x2  
  36  3:27  Drone  
  36  3:34  Extractor, Drone  
  37  3:39  Zergling x2  
  38  3:42  Zergling x6  
  41  3:54  Zergling x2  
  41  3:55  Zergling x2  
  42  3:58  Zerg Ground Armor Level 1  
  42  4:01  Zergling x2  
  41  4:20  Drone x3  
  43  4:26  Hatchery  
  43  4:27  Extractor, Overlord x3  
  35  4:52  Drone, Hydralisk Den  
  35  4:53  Drone, Zergling x4  
  35  4:54  Drone x2  
  35  4:55  Drone x2, Evolution Chamber  
  40  5:08  Zergling x2  
  40  5:12  Zergling x6  
  43  5:27  Drone  
  44  5:29  Hydralisk x2  
  44  5:31  Muscular Augments  
  48  5:37  Zerg Missile Weapons Level 1  
  48  5:38  Drone  
  48  5:47  Queen  
  48  5:48  Drone  
  48  5:49  Drone  
  50  5:52  Hydralisk x2  
  54  6:00  Drone  
  54  6:01  Drone  
  54  6:02  Drone  
  57  6:09  Infestation Pit  
  57  6:10  Hydralisk  
  58  6:12  Drone x2  
  60  6:19  Drone  
  60  6:23  Extractor, Queen  
  62  6:25  Spore Crawler  
  62  6:30  Hydralisk  
  62  6:31  Hydralisk  
  65  6:34  Drone  
  65  6:35  Drone  
  65  6:37  Drone  
  68  6:43  Grooved Spines  
  68  6:47  Drone  
  68  6:48  Drone  
  70  6:54  Overlord x2  
  70  7:06  Overlord x3  
  70  7:12  Queen  
  72  7:17  Hydralisk  
  72  7:19  Drone x6  
  80  7:27  Hydralisk x3  
  80  7:28  Hydralisk  
  84  7:44  Drone x4  
  85  7:49  Infestor x2  
  92  7:53  Infestor  
  92  7:54  Hydralisk x3  
  100  8:03  Drone x2  
  99  8:21  Drone x4  
  103  8:27  Hatchery  
  103  8:30  Drone x2  
  104  8:34  Hatchery, Zerg Ground Armor Level 2, Zerg Missile Weapons Level 2  
  103  8:50  Drone x2  
  103  8:54  Overlord x3  
  103  8:55  Overlord  
  105  8:58  Hive  
  105  9:03  Lurker Den  
  105  9:04  Drone  
  105  9:13  Extractor  
  105  9:14  Extractor  
  103  9:26  Overseer  
  103  9:27  Overseer x4  
  103  9:29  Pneumatized Carapace  
  103  9:32  Spore Crawler  
  103  9:34  Hydralisk  
  103  9:35  Hydralisk  
  103  9:36  Overlord x2  
  103  9:37  Overlord x2  
  103  9:38  Drone x3  
  108  9:41  Drone  
  108  9:42  Queen  
  112  9:55  Drone x5  
  117  10:02  Lurker x2  
  117  10:03  Hydralisk x2  
  117  10:05  Zergling x4  
  117  10:06  Drone x2  
  117  10:07  Drone  
  128  10:27  Hatchery  
  127  10:34  Seismic Spines  
  125  10:39  Hatchery  
  125  10:42  Lurker x2  
  122  10:57  Hydralisk  
  122  10:58  Hydralisk x3  
  98  11:19  Hydralisk x8  
  98  11:21  Hydralisk x2  
  118  11:31  Adaptive Talons  
  112  11:38  Lurker x2  
  113  11:47  Drone x6  
  108  12:21  Hydralisk x2  
  108  12:22  Infestor x4  
  113  12:26  Spine Crawler, Spore Crawler  
  113  12:27  Spore Crawler  
  113  12:28  Extractor, Spine Crawler  
  110  12:30  Drone  
  110  12:31  Drone x5  
  110  12:35  Spine Crawler  
  113  12:41  Lurker x4  
Show
View Real Time Build Order
Export as new Build Order

Massa Terran 

Build Orders:  

Get SALT Encoding   

  12  0:03  SCV  
  13  0:15  SCV  
  14  0:24  Supply Depot  
  14  0:29  SCV  
  15  0:43  Refinery  
  15  0:45  SCV  
  15  0:47  Barracks  
  16  0:58  SCV  
  17  1:10  SCV  
  18  1:22  SCV  
  19  1:34  SCV  
  19  1:36  Marine  
  21  1:40  Command Center  
  21  1:49  Orbital Command  
  21  1:55  Reaper  
  22  2:24  SCV  
  23  2:36  Supply Depot  
  23  2:46  Command Center  
  23  2:50  Barracks Tech Lab  
  23  2:52  SCV  
  23  2:53  Factory  
  23  2:56  Orbital Command  
  24  3:31  Marine  
  24  3:33  Stimpack  
  25  3:36  SCV x2  
  27  3:44  Barracks  
  27  3:46  Barracks  
  27  3:47  Hellion  
  27  3:48  SCV x2  
  31  4:00  SCV x2  
  35  4:13  Marine  
  35  4:16  Widow Mine  
  35  4:20  Engineering Bay  
  35  4:23  Refinery  
  35  4:29  SCV x3  
  35  4:31  Marine  
  38  4:35  Marine  
  38  4:36  Marine  
  38  4:37  Widow Mine  
  40  4:40  Barracks  
  40  4:41  SCV x3  
  42  4:48  Marine  
  42  4:52  Missile Turret  
  41  4:53  SCV x3, Marine x2  
  43  5:05  SCV x3  
  43  5:06  Marine  
  46  5:13  Marine x2  
  48  5:17  SCV  
  48  5:23  Combat Shield  
  48  5:24  Marine  
  48  5:25  Widow Mine  
  51  5:30  Starport  
  51  5:31  Marine x2  
  51  5:32  SCV x3  
  51  5:35  Missile Turret  
  56  5:42  Marine  
  57  5:44  SCV x3  
  57  5:48  Marine  
  61  6:10  Supply Depot  
  61  6:12  Supply Depot  
  61  6:13  Terran Infantry Weapons Level 1, Supply Depot x2  
  61  6:14  Supply Depot  
  61  6:21  Refinery  
  61  6:27  Refinery  
  61  6:32  Marauder, Marine x2  
  66  6:33  Factory Tech Lab  
  66  6:35  Barracks Reactor  
  66  6:36  Medivac  
  67  6:49  Marine  
  67  6:51  Marine  
  67  6:53  Marine  
  67  6:54  Concussive Shells  
  70  7:03  Armory  
  70  7:07  Marine  
  71  7:09  Marine  
  71  7:12  SCV x2  
  74  7:24  SCV  
  74  7:25  SCV  
  74  7:26  Starport Reactor  
  76  7:30  Marauder  
  76  7:31  Marine x2  
  76  7:32  Starport, Marine  
  76  7:35  Barracks Tech Lab  
  81  7:40  Planetary Fortress  
  81  7:42  SCV x2  
  83  7:49  Marine x2  
  83  7:50  Marine  
  86  7:52  Marauder, Thor  
  86  7:54  SCV x2  
  86  7:55  Drilling Claws  
  96  8:06  Marine  
  96  8:07  Marine x3  
  96  8:08  Terran Infantry Armor Level 1, Factory  
  100  8:12  Marine  
  101  8:23  Sensor Tower  
  101  8:30  Supply Depot x2  
  101  8:32  Supply Depot  
  101  8:33  Terran Vehicle Weapons Level 1, Supply Depot  
  101  8:34  Engineering Bay  
  101  8:51  Marine x2, Thor  
  101  8:52  SCV x3  
  112  9:01  Factory Reactor  
  112  9:04  SCV x3  
  115  9:15  Barracks Tech Lab  
  115  9:16  SCV x2  
  115  9:17  SCV  
  116  9:28  SCV x2  
  116  9:29  SCV  
  119  9:33  Viking  
  119  9:34  Thor  
  119  9:36  Viking x2  
  131  9:40  SCV x2  
  131  9:41  Refinery  
  131  9:42  Refinery  
  133  9:49  Terran Infantry Weapons Level 2, Supply Depot  
  133  9:51  Supply Depot  
  133  9:53  Supply Depot  
  133  10:10  Command Center, Viking  
  133  10:11  Widow Mine, SCV x3  
  133  10:12  Viking x2  
  133  10:13  Supply Depot  
  144  10:23  Thor  
  144  10:28  Widow Mine  
  152  10:32  Widow Mine  
  154  10:40  Viking  
  156  10:49  Widow Mine  
  158  10:54  Widow Mine  
  160  11:01  Medivac x2  
  164  11:21  Medivac, Thor  
  164  11:22  Widow Mine  
  120  11:45  Marauder x2, Marine  
  120  11:46  Marauder, Marine  
  98  11:48  Widow Mine  
  98  11:49  Widow Mine  
  98  11:51  Orbital Command  
  98  11:52  SCV x2  
  98  11:53  SCV  
  105  11:55  Refinery  
  105  11:56  Refinery  
  105  11:59  Barracks  
  105  12:00  Barracks  
  105  12:03  Marine x2  
  105  12:04  SCV, Thor  
  105  12:06  Marauder, Marine  
  105  12:07  Marauder  
  117  12:19  SCV x4  
  117  12:21  Marine x2  
  123  12:24  Marine  
  123  12:27  Marine x2  
  126  12:31  SCV x3  
  127  12:39  Marine x2  
  127  12:43  Marauder  
  131  12:45  Marine  
  131  12:46  Marauder  
  135  13:01  Barracks Reactor, Barracks Tech Lab  
Tags
 
Add a new tag
Caveats
  • Supply blocks, unpowered buildings, or Contaminate may cause inaccurate times.
  • Supply counts are checked every 10 seconds.